 Dungeon Crawl Stone Soup version 0.27-a0-1256-gced786f65e (webtiles) character file.

Game seed: 16688739343534021416

228 freelancePsychic the Chiller (level 5, -3/41 HPs)
             Began as a Demonspawn Wanderer on June 10, 2021.
             Slain by a kobold brigand
             ... wielding a +0 dagger
              (4 damage)
             ... on level 4 of the Dungeon.
             The game lasted 00:09:33 (4905 turns).

freelancePsychic the Chiller (Demonspawn Wanderer)  Turns: 4905, Time: 00:09:34

Health: -3/41      AC:  3    Str: 18    XL:     5   Next: 71%
Magic:  8/8        EV: 11    Int: 14    God:
Gold:   58         SH:  0    Dex: 13    Spells: 4/8 levels left

rFire    + . .     SeeInvis .   a - +2 dagger (venom)
rCold    + . .     Faith    .   (no shield)
rNeg     . . .     Spirit   .   q - +0 leather armour
rPois    +         Reflect  .   (helmet restricted)
rElec    +         Harm     .   (no cloak)
rCorr    +         Rampage  .   (no gloves)
Will     .....                  (no boots)
Stlth    +.........             (no amulet)
HPRegen  0.13/turn              f - +6 ring of strength
MPRegen  0.11/turn              (no ring)

@: brilliant, lethally poisoned (-3 -> -6), resistant, slowed, very slow
A: horns 1, spiny 2
a: no special abilities


You were on level 4 of the Dungeon.
You visited 1 branch of the dungeon, and saw 5 of its levels.

You collected 58 gold pieces.

Inventory:

Hand Weapons
 a - a +2 dagger of venom (weapon)
 j - a +0 hunting sling
 p - a +1 vampiric dagger
Missiles
 k - 35 bolts
Armour
 d - a +0 robe
 q - a +0 leather armour (worn)
Jewellery
 e - an amulet of faith
 f - a +6 ring of strength (left hand)
Potions
 b - a potion of resistance
 i - a potion of heal wounds {unknown}
 l - a potion of berserk rage {unknown}
 m - a potion of curing {unknown}
 r - a potion of lignification {unknown}


   Skills:
 + Level 3.1 Fighting
 - Level 1.0 Throwing
 - Level 1.0 Stealth
 - Level 2.6 Unarmed Combat
 - Level 2.1 Spellcasting
 + Level 4.0 Ice Magic
 - Level 1.0 Earth Magic
 - Level 1.0 Evocations


You had 4 spell levels left.
You knew the following spells:

 Your Spells              Type           Power      Damage    Failure   Level
a - Freeze                Ice            76%        1d9       5%          1
b - Frozen Ramparts       Ice            38%        1d5       16%         3

Your spell library contained the following spells:

 Spells                   Type           Power      Damage    Failure   Level
 Ozocubu's Armour         Ice            19%        N/A       16%         3
 Sandblast                Erth           12%        2d6       19%         1
 Animate Skeleton         Necr           4%         N/A       28%         1
 Apportation              Tloc           4%         N/A       28%         1
 Corona                   Hex            2%         N/A       28%         1
 Shock                    Conj/Air       8%         1d3       28%         1
 Summon Small Mammal      Summ           8%         N/A       28%         1
 Stone Arrow              Conj/Erth      8%         3d7       56%         3
 Confusing Touch          Hex            2%         N/A       63%         3
 Gell's Gravitas          Tloc           1%         N/A       63%         3
 Swiftness                Air            2%         N/A       63%         3
 Hailstorm                Conj/Ice       10%        3d5       77%         4
 Petrify                  Tmut/Erth      4%         N/A       92%         4
 Metabolic Englaciation   Hex/Ice        5%         N/A       98%         5
 Yara's Violent Unravell  Hex/Tmut       1%         3d3       100%        5


Dungeon Overview and Level Annotations

Branches:
Dungeon (5/15)
 Temple: D:4-7

Altars:
Ashenzari
Fedhas
Gozag
Sif Muna

Shops:
D:1 *(([*

Annotations:
D:1 exclusion: downstairs
D:4 Sigmund


Innate Abilities, Weirdness & Mutations

You have a pair of small horns on your head.
You are mostly covered in sharp spines.


Message History

a - a +2 dagger of venom You feel sick.
You are no longer poisoned.
You feel the dreadful sensation subside.
Your +2 dagger of venom begins to drip with poison!
a - a +2 dagger of venom (weapon)
The kobold brigand throws a curare-tipped dart.
The curare-tipped dart barely misses you.
Found 11 gold pieces.
The kobold brigand throws a curare-tipped dart.
The curare-tipped dart hits you.
You are poisoned.
You have difficulty breathing.
You feel yourself slow down.
It was a potion of resistance.
You feel protected.
* * * LOW HITPOINT WARNING * * *
You feel very sick.
The kobold brigand throws a curare-tipped dart.
The curare-tipped dart hits you.
* * * LOW HITPOINT WARNING * * *
You feel very sick.
The kobold brigand is struck by your spines.
The kobold brigand hits you with a +0 dagger.
* * * LOW HITPOINT WARNING * * *
The kobold brigand is struck by your spines.
The kobold brigand barely misses you.
It was a potion of magic.
Magic courses through your body.
* * * LOW HITPOINT WARNING * * *
You feel sick.
The kobold brigand is struck by your spines.
The kobold brigand hits you with a +0 dagger.
* * * LOW HITPOINT WARNING * * *
It was a potion of brilliance.
You feel clever all of a sudden.
* * * LOW HITPOINT WARNING * * *
You feel sick.
Sigmund the Dreaded comes into view.
He is wielding a +0 scythe, wearing a +1 robe of cold resistance and carrying a wand of digging (5).
The kobold brigand hits you with a +0 dagger.
You die...

######## ........
############# ##. ... ....
##.....#.....##..........##.
#...............# .#.# ##
...............# #. .
..!....>.......# ..
..(............#.# ..
........?........## ..
...........@......# ..
#...........K...... .
##.....#...........
#########.........
#......... ...$......
.#.......@ #.##.......


You could see Sigmund (wandering) and a kobold brigand.

Vanquished Creatures
  A howler monkey (D:5)
  A jelly (D:4)
  A gnoll shaman (D:3)
  A gnoll (D:3)
  5 adders
  A worm (D:3)
  A dart slug (D:2)
  2 orcs
  2 ball pythons (D:3)
  4 endoplasms
  3 giant cockroaches
  5 goblins
  9 hobgoblins
  5 jackals
  5 quokkas
  8 bats
  2 frilled lizards (D:2)
  5 kobolds
  8 rats
69 creatures vanquished.

Notes
Turn   | Place    | Note
-------+----------+-------------------------------------------
     0 | D:1      | freelancePsychic the Demonspawn Wanderer began the quest
                  | for the Orb.
     0 | D:1      | freelancePsychic set off with the following items: a +0
                  | dagger, a +0 robe; and the following spells available to
                  | memorise: Freeze, Sandblast, Shock, Frozen Ramparts,
                  | Ozocubu's Armour, Stone Arrow, Swiftness, Hailstorm,
                  | Metabolic Englaciation
     0 | D:1      | Reached XP level 1. HP: 15/15 MP: 1/1
    28 | D:1      | Found Boamn's Armour Emporium.
   192 | D:1      | Learned a level 1 spell: Freeze
   242 | D:1      | Reached skill level 1 in Spellcasting
   292 | D:1      | Found Cestad's General Store.
   326 | D:1      | Reached skill level 2 in Ice Magic
   486 | D:1      | Gained mutation: You are partially covered in sharp spines.
                  | [demonic ancestry]
   486 | D:1      | Reached XP level 2. HP: 16/21 MP: 1/3
   617 | D:1      | Found Niode's Assorted Antiques.
   628 | D:1      | Found Olerr's Antique Weapon Shop.
   630 | D:1      | Found Humijeih's Antique Weapon Boutique.
  1912 | D:2      | Gained mutation: You have a pair of small horns on your
                  | head. [demonic ancestry]
  1912 | D:2      | Reached XP level 3. HP: 25/26 MP: 2/5
  2087 | D:2      | Found a shimmering blue altar of Sif Muna.
  2960 | D:3      | Reached skill level 3 in Ice Magic
  2960 | D:3      | Reached XP level 4. HP: 27/32 MP: 3/7
  3062 | D:3      | Learned a level 3 spell: Frozen Ramparts
  3406 | D:3      | Found a blossoming altar of Fedhas.
  3426 | D:3      | Found a broken altar of Ashenzari.
  3579 | D:3      | Found a faded altar of an unknown god.
  3943 | D:3      | Found an opulent altar of Gozag.
  4422 | D:3      | Gained mutation: You are mostly covered in sharp spines.
                  | [demonic ancestry]
  4422 | D:3      | Reached XP level 5. HP: 19/39 MP: 4/8
  4678 | D:4      | Noticed a phantom
  4687 | D:5      | Entered Level 5 of the Dungeon
  4884 | D:5      | Noticed a gargoyle
  4895 | D:4      | Reached skill level 4 in Ice Magic
  4904 | D:4      | HP: 1/41 [kobold brigand/+0 dagger (3)]
  4905 | D:4      | Noticed Sigmund
  4905 | D:4      | Slain by a kobold brigand

Illustrated notes

Levels and vault maps discovered:
D:1:      lightli_iron_boxes, layout_basic, serial_rivers,
          chequers_serial_rivers_room_b, chequers_serial_rivers_room_a,
          chequers_serial_rivers_room_b, chequers_serial_rivers_micro_a,
          chequers_serial_rivers_small_b, chequers_serial_rivers_small_3,
          serial_shops, shop, shop_statue, nicolae_shop_crystal, shop, shop,
          hangedman_decor_points, minmay_crystal_room
D:2:      layout_basic, basic_altar
D:3:      layout_loops_ring, evilmike_ruin_ashenzari, fedhas_altar_1,
          nicolae_gozag_seed_capital, shapermc_ecumenical_altar_venn,
          moated_statue, grunt_decor_arrowhead, wad_rectangle_vault
D:4:      layout_rooms, uniq_sigmund
D:5:      layout_basic, dancing_weapons_uskayaw, serial_shops, kennysheep_mini

Skill      XL: |  1  2  3  4  5 |
---------------+----------------+-----
Spellcasting   | 1 2 |  2.1
Ice Magic      | 2 3 4 |  4.0
Fighting       | 2 3 |  3.1
Throwing       | |  1.0
Stealth        | |  1.0
Unarmed Combat | |  2.6
Earth Magic    | |  1.0
Evocations     | |  1.0

Action                   |  1- 3 |  4- 6 || total
-------------------------+-------+-------++-------
Melee: Dagger            |    24 |    10 ||    34
       Headbutt          |     1 |     4 ||     5
       Punch             |       |     2 ||     2
 Cast: Freeze            |    58 |    47 ||   105
       Frozen Ramparts   |       |     1 ||     1
  Use: Scroll            |       |     4 ||     4
       Potion            |       |     3 ||     3
 Stab: Sleeping          |     4 |     2 ||     6
Armor: Robe              |    16 |     4 ||    20
       Leather armour    |       |     3 ||     3
Dodge: Dodged            |    37 |    22 ||    59

Table legend: (Time is in decaauts)
 A = Elapsed time spent in this place.
 B = Non-inter-level travel time spent in this place.
 C = Inter-level travel time spent in this place.
 D = Time resting spent in this place.
 E = Time spent auto-exploring this place.
 F = Levels seen in this place.
 G = Mean time per level.
                   A        B        C        D        E       F      G
               +--------+--------+--------+--------+--------+-----+--------+
         Total |   4921 |   4679 |    242 |    865 |   3195 |   5 |  984.2 |
       Dungeon |   4921 |   4679 |    242 |    865 |   3195 |   5 |  984.2 |
               +--------+--------+--------+--------+--------+-----+--------+

Top non-repeatable levels by time:
     D:3: 1658 daAuts
     D:1: 1646 daAuts
     D:2: 1236 daAuts
     D:5: 203 daAuts
     D:4: 175 daAuts
